[Event "*** Titled Tuesday Blitz"]
[Site "Chess.com"]
[Date "2021.02.02"]
[Round "4"]
[White "AliKa2810"]
[Black "MF1966Idrisov"]
[Result "0-1"]
[WhiteElo "2583"]
[BlackElo "2405"]
[TimeControl "180+1"]
[EndTime "10:39:32 PST"]
[Termination "MF1966Idrisov won by resignation"]

1. c4 c6 2. d4 d5 3. cxd5 cxd5 4. Bg5 Nc6 5. Nc3 h6 6. Bh4 g5 7. Bg3 Bg7 8. e3 Nf6 9. Bd3 O-O 10. Nge2 Nb4 11. Bb1 b6 12. O-O Qd7 13. a3 Nc6 14. b4 a5 15. b5 Nd8 16. Qd3 Re8 17.
Be5 Ne6 18. Bxf6 exf6 19. Qh7+ Kf8 20. Ng3 Bb7 21. Nf5 Rec8 22. Ne2 Qxb5 23. Neg3 Qb2 24. Ra2 Qc1 25. Nxg7 Nxg7 26. Qh8+ Ke7 27. Qxg7 Ba6 28. Ne2 Qxf1+ 0-1

[Event "*** Titled Tuesday Blitz"]
[Site "Chess.com"]
[Date "2021.02.02"]
[Round "4"]
[White "joshdaruca"]
[Black "FedaMaster"]
[Result "0-1"]
[WhiteElo "2721"]
[BlackElo "2549"]
[TimeControl "180+1"]
[EndTime "10:39:33 PST"]
[Termination "FedaMaster won by resignation"]

1. b3 f5 2. Bb2 Nf6 3. c4 d6 4.
Nf3 e5 5. d4 e4 6. Ng1 e3 7. fxe3 Qe7 8. Qd3 Ng4 9. Bc1 Nc6 10.
Nf3 g6 11. Na3 Nb4 12. Qc3 a5 13. h3 Nf6 14. d5 Bg7 15. Nd4 Ne4 16. Qb2 Qh4+ 17.
Kd1 Nf2+ 18. Kd2 Ne4+ 19. Kd1 Nf2+ 20. Kd2 Nxh1 21. g3 Qxg3 22. Nac2 Nxc2 23. Kxc2 Nf2 24.
Bd2 Ne4 25. Rd1 Nxd2 26. Kxd2 f4 27. Qc3 Qxe3+ 28. Qxe3+ fxe3+ 29. Kxe3 Bxd4+ 30. Kxd4 O-O 0-1

[Event "*** Titled Tuesday Blitz"]
[Site "Chess.com"]
[Date "2021.02.02"]
[Round "4"]
[White "Korchmar_Vasiliy"]
[Black "ketster"]
[Result "1-0"]
[WhiteElo "2569"]
[BlackElo "2383"]
[TimeControl "180+1"]
[EndTime "10:39:33 PST"]
[Termination "Korchmar_Vasiliy won by resignation"]

1. e4 e5 2. Nf3 Nc6 3. Nc3 Nf6 4.
Bb5 Bb4 5. O-O O-O 6. d3 d6 7.
Bg5 Ne7 8. Nh4 c6 9. Bc4 b5 10. Bb3 a5 11. a4 Bxc3 12. bxc3 Ng6 13. Nxg6 hxg6 14. f4 Qb6+ 15. Kh1 Ng4 16. Qf3 exf4 17. Qxf4 Ne5 18. Be7 Ba6 19. Bxd6 Nc4 20. Bxf8 Rxf8 21. axb5 cxb5 22. dxc4 bxc4 23. Ba4 Qb2 24. Qe5 Rd8 25. Rfb1 1-0

[Event "*** Titled Tuesday Blitz"]
[Site "Chess.com"]
[Date "2021.02.02"]
[Round "4"]
[White "lachesisQ"]
[Black "Philosopherrr"]
[Result "1-0"]
[WhiteElo "3062"]
[BlackElo "2564"]
[TimeControl "180+1"]
[EndTime "10:39:36 PST"]
[Termination "lachesisQ won by resignation"]

1. b3 Nf6 2. Bb2 d6 3. Nf3 Nbd7 4. d4 g6 5. Nbd2 Bg7 6. e4 O-O 7. Bd3 Nh5 8. O-O c5 9. Re1 Nf4 10. Bf1 cxd4 11. Bxd4 Ne5 12. Nxe5 Bxe5 13. Bxe5 dxe5 14.
Nc4 Qc7 15. Ne3 Rd8 16. Qc1 Qc3 17. Qa3 Kf8 18. Rad1 Rd4 19. g3 Nh3+ 20. Bxh3 Bxh3 21. Qc1 Rad8 22. Qa1 Rxd1 23. Qxc3 1-0

[Event "*** Titled Tuesday Blitz"]
[Site "Chess.com"]
[Date "2021.02.02"]
[Round "4"]
[White "AttilaTurzo"]
[Black "GM_dmitrij"]
[Result "1-0"]
[WhiteElo "2551"]
[BlackElo "2876"]
[TimeControl "180+1"]
[EndTime "10:39:38 PST"]
[Termination "AttilaTurzo won by checkmate"]

1. d4 d5 2. Bf4 c5 3. e3 Nc6 4. c3 Qb6 5. Qb3 c4 6. Qc2 Bf5 7. Qxf5 Qxb2 8. Qxd5 e6 9. Qxc4 Qxa1 10. Qb3 O-O-O 11. Nf3 Na5 12. Qc2 Ba3 13. Bd3 Qb2 14.
Qxb2 Bxb2 15. Kd1 Nf6 16. Kc2 Ba1 17. Nbd2 Bxc3 18. Kxc3 Nd5+ 19. Kb2 Nxf4 20. exf4 Kd7 21. Ne5+ Ke7 22. Nef3 Nc6 23. Nb3 Kf6 24. Rc1 Nb4 25.
Be4 Rd7 26. Ne5 Re7 27. Ng4# 1-0

[Event "*** Titled Tuesday Blitz"]
[Site "Chess.com"]
[Date "2021.02.02"]
[Round "4"]
[White "ChristopherYoo"]
[Black "eldur16"]
[Result "1-0"]
[WhiteElo "2860"]
[BlackElo "2527"]
[TimeControl "180+1"]
[EndTime "10:39:38 PST"]
[Termination "ChristopherYoo won by resignation"]

1. d4 d6 2. Nf3 Bg4 3. Nbd2 Nd7 4. e3 c5 5. Be2 Ngf6 6. O-O e6 7. b3 Be7 8. Bb2 O-O 9. c4 Qc7 10. h3 Bh5 11. a3 a6 12. dxc5 Nxc5 13. b4 Ncd7 14.
Rc1 Rac8 15. Qb3 Rfd8 16. Rfd1 Qb8 17. Bd4 b5 18. cxb5 axb5 19. Qd3 e5 20. Bb2 Qa8 21.
Qxb5 Rb8 22. Qc6 Qa7 23. Qa6 Qxa6 24. Bxa6 e4 25. g4 Bxg4 26. hxg4 exf3 27. g5 Ne8 28. Nxf3 Nb6 29. Bb5 Ra8 30. Bd4 Nd5 31. Bc6 1-0

[Event "*** Titled Tuesday Blitz"]
[Site "Chess.com"]
[Date "2021.02.02"]
[Round "4"]
[White "Piacramling"]
[Black "WilliamSchill"]
[Result "1-0"]
[WhiteElo "2242"]
[BlackElo "1965"]
[TimeControl "180+1"]
[EndTime "10:39:40 PST"]
[Termination "Piacramling won on time"]

1. c4 Nf6 2. d4 g6 3. Nc3 Bg7 4.
e4 d6 5. h3 O-O 6. Be3 e5 7.
d5 a5 8. g4 Na6 9. Nf3 Nd7 10. Rg1 Ndc5 11. Qd2 Bd7 12. h4 Qe7 13. Be2 a4 14. O-O-O a3 15. b3 Rfb8 16. h5 Nb4 17. g5 c6 18. Nh2 cxd5 19. cxd5 Rc8 20. Kb1 1-0

[Event "*** Titled Tuesday Blitz"]
[Site "Chess.com"]
[Date "2021.02.02"]
[Round "4"]
[White "JQuiroga18"]
[Black "ChessQueen"]
[Result "0-1"]
[WhiteElo "2440"]
[BlackElo "2714"]
[TimeControl "180+1"]
[EndTime "10:39:41 PST"]
[Termination "ChessQueen won by resignation"]

1. e4 c6 2. d4 d5 3. Nc3 dxe4 4. Nxe4 Nf6 5. Nxf6+ exf6 6. Nf3 Bd6 7. Bd3 O-O 8. O-O Bg4 9. h3 Bh5 10. Re1 Nd7 11.
g4 Bg6 12. Nh4 Bxd3 13. Qxd3 g6 14. Bh6 Re8 15. Kg2 Qc7 16. Bd2 Bf4 17. Nf3 Nf8 18.
c4 Ne6 19. d5 Bxd2 20. dxe6 Bxe1 21. exf7+ Qxf7 22. Nxe1 Rad8 23. Qb3 Rd7 24. Nf3 Re4 25. Rc1 Qe6 26. Qa3 a6 27. b3 Re2 28. Qc5 Qe4 0-1

[Event "*** Titled Tuesday Blitz"]
[Site "Chess.com"]
[Date "2021.02.02"]
[Round "4"]
[White "Malysch"]
[Black "JiiHart"]
[Result "0-1"]
[WhiteElo "2372"]
[BlackElo "2126"]
[TimeControl "180+1"]
[EndTime "10:39:41 PST"]
[Termination "JiiHart won on time"]

1. d4 d5 2. c4 e6 3. Nf3 Nf6 4.
g3 Be7 5. Bg2 O-O 6. O-O c6 7.
Qc2 Nbd7 8. Nbd2 b6 9. e4 dxe4 10. Nxe4 Bb7 11. Rd1 Rc8 12. Ne5 Qe8 13. Bf4 Nxe5 14.
dxe5 Nxe4 15. Bxe4 h6 16. Be3 f5 17. exf6 Bxf6 18. c5 b5 19. Bf4 e5 0-1

[Event "*** Titled Tuesday Blitz"]
[Site "Chess.com"]
[Date "2021.02.02"]
[Round "4"]
[White "SaqoChess_Twitch"]
[Black "sergiochess83"]
[Result "0-1"]
[WhiteElo "2460"]
[BlackElo "2845"]
[TimeControl "180+1"]
[EndTime "10:39:44 PST"]
[Termination "sergiochess83 won by resignation"]

1. d4 Nf6 2. c4 g6 3. Nc3 d5 4.
Nf3 Bg7 5. Bf4 O-O 6. e3 c5 7. dxc5 Qa5 8. cxd5 Ne4 9. Be5 Nxc3 10. Qd2 Bxe5 11. Nxe5 Qxc5 12. Qxc3 Qxd5 13. Bc4 Qxg2 14. O-O-O Nc6 15. Rhg1 Qe4 16. Nxg6 hxg6 17. f3 Qf5 18.
Rd5 e5 19. Rd6 Kg7 20. e4 Qf4+ 21. Kb1 Rd8 22. Rxd8 Nxd8 23. Qd3 Be6 24. Bb5 Nc6 25. Bc4 Rd8 26. Qb3 Na5 0-1

[Event "*** Titled Tuesday Blitz"]
[Site "Chess.com"]
[Date "2021.02.02"]
[Round "4"]
[White "Sharpchess22"]
[Black "hypert"]
[Result "1-0"]
[WhiteElo "2693"]
[BlackElo "2373"]
[TimeControl "180+1"]
[EndTime "10:39:45 PST"]
[Termination "Sharpchess22 won by resignation"]

1. d4 d5 2. c4 c6 3. Nc3 Nf6 4. e3 e6 5. Nf3 Nbd7 6. Qc2 Bd6 7. g4 h6 8. Bd2 dxc4 9. Bxc4 b5 10. Be2 Bb7 11.
Rg1 Qe7 12. h4 h5 13. g5 Ng4 14. Ne4 Bb4 15. Bxb4 Qxb4+ 16. Nfd2 Rc8 17. Bxg4 hxg4 18.
Rxg4 g6 19. d5 Qe7 20. d6 Qf8 21. Qc3 Rh7 22. a4 a6 23. Nc5 Nxc5 24. Qxc5 Qh8 25. Ne4 Rxh4 26. Nf6+ Kf8 27. d7+ Kg7 28. Rxh4 Qxh4 29.
dxc8=Q Bxc8 30. O-O-O Qxa4 31. Qc3 e5 32. Qxe5 Qa1+ 33.
Kd2 Qxb2+ 34. Qxb2 1-0

[Event "*** Titled Tuesday Blitz"]
[Site "Chess.com"]
[Date "2021.02.02"]
[Round "4"]
[White "Vamostodorecto"]
[Black "Agoking701"]
[Result "0-1"]
[WhiteElo "2449"]
[BlackElo "2308"]
[TimeControl "180+1"]
[EndTime "10:39:50 PST"]
[Termination "Agoking701 won by resignation"]

1. d4 b6 2. c4 Bb7 3. Nc3 e6 4. e4 Bb4 5. f3 Nc6 6. Be3 e5 7.
d5 Nd4 8. Ne2 Nxe2 9. Bxe2 Ne7 10. O-O Ng6 11. Qc2 Bc5 12. Bxc5 bxc5 13. g3 h5 14. f4 h4 15. f5 hxg3 16. fxg6 Rxh2 17. gxf7+ Kf8 18. Qd3 Qh4 19. Bf3 Rg2+ 0-1

[Event "*** Titled Tuesday Blitz"]
[Site "Chess.com"]
[Date "2021.02.02"]
[Round "4"]
[White "Smile2005"]
[Black "ClauSanLuis"]
[Result "1-0"]
[WhiteElo "2353"]
[BlackElo "2087"]
[TimeControl "180+1"]
[EndTime "10:39:54 PST"]
[Termination "Smile2005 won by resignation"]

1. Nf3 d5 2. g3 c5 3. Bg2 Nc6 4. O-O Nf6 5. d3 g6 6. Nc3 Bg7 7. e4 dxe4 8. Nxe4 Nxe4 9. dxe4 O-O 10. c3 Be6 11. Qc2 Qc8 12. Re1 h6 13. Be3 c4 14.
Rad1 Kh7 15. Nd4 Nxd4 16. Bxd4 Qc7 17. Bxg7 Kxg7 18. Rd4 Rfd8 19. Red1 Rxd4 20. Rxd4 Rd8 21. Qd2 Rd7 22. f4 f6 23. Bf1 Qb6 24. Qf2 Rxd4 25. cxd4 Bf7 26. d5 Qa6 27. a3 b5 28. Qc5 Qb7 29. e5 fxe5 30. fxe5 Qxd5 31. Qxe7 Qd4+ 32. Kg2 Kg8 33. e6 Qe4+ 34. Kg1 Qe3+ 35. Kg2 Bxe6 36. Qd8+ Kg7 37. Qe7+ Bf7 38. Qxe3 1-0

[Event "*** Titled Tuesday Blitz"]
[Site "Chess.com"]
[Date "2021.02.02"]
[Round "4"]
[White "PetrolulSah"]
[Black "hleol"]
[Result "1/2-1/2"]
[WhiteElo "2201"]
[BlackElo "2403"]
[TimeControl "180+1"]
[EndTime "10:39:58 PST"]
[Termination "Game drawn by agreement"]

1. d4 d5 2. c4 c6 3. Nf3 Nf6 4. g3 g6 5. Bg2 Bg7 6. O-O O-O 7. Nc3 Nbd7 8. Qb3 dxc4 9. Qxc4 Nb6 10. Qb3 Be6 11. Qc2 Rc8 12. e4 Bg4 13. Be3 Nc4 14. h3 Nxe3 15. fxe3 Bxf3 16. Bxf3 Qc7 17. Kg2 Rfd8 18.
e5 Nd5 19. Nxd5 cxd5 20. Qxc7 Rxc7 21. Rac1 Rdc8 22. Rxc7 Rxc7 23. Bxd5 Rc2+ 24. Rf2 Rxf2+ 25. Kxf2 b6 26. Ke2 e6 27. Be4 Kf8 28. Kd3 Ke7 29. Kc4 Kd7 30. Kb5 Kc7 31. Ka6 Bh6 32. Kxa7 Bxe3 33. d5 exd5 34. Bxd5 Bd4 35. Bxf7 Bxe5 36. Bg8 h6 37. Bh7 g5 38. g4 Bxb2 39. a4 Bc3 40. Ka6 Bd4 41. Kb5 Kd6 42. Kc4 Bg1 43.
Kd3 Ke5 44. Ke2 Kf4 45. Kf1 Bc5 46. Kg2 Bd4 47. Bd3 Bc5 48. Bb5 Bd4 49. Bc6 Bc5 50. Bb5 1/2-1/2

[Event "*** Titled Tuesday Blitz"]
[Site "Chess.com"]
[Date "2021.02.02"]
[Round "4"]
[White "remi04"]
[Black "Chessbard1972"]
[Result "1-0"]
[WhiteElo "2607"]
[BlackElo "2407"]
[TimeControl "180+1"]
[EndTime "10:39:59 PST"]
[Termination "remi04 won by checkmate"]

1. e4 c5 2. Nf3 a6 3. d4 cxd4 4. Nxd4 e6 5. c4 Nc6 6. Nc3 Qc7 7. a3 Nf6 8. Be3 Ne5 9. Rc1 Ng6 10. g3 b6 11. Bg2 Bb7 12. O-O d6 13. f4 h5 14.
f5 exf5 15. Nxf5 Ne5 16. Nd5 Bxd5 17. cxd5 Qb7 18. Rc6 b5 19. Nxd6+ Bxd6 20. Rxd6 Nfg4 21. Bd4 f6 22. Re6+ Kd7 23. h3 Nh6 24. Bxe5 fxe5 25.
Rxh6 Qa7+ 26. Kh2 Rxh6 27. Rf7+ Kd6 28. Rxa7 Rxa7 29. Qc1 Rc7 30. Qg5 Rf6 31. h4 Rc2 32. Kg1 Rff2 33. Bh3 Rfd2 34. b4 Rd1+ 35. Bf1 Rcc1 36. Qd8# 1-0

[Event "*** Titled Tuesday Blitz"]
[Site "Chess.com"]
[Date "2021.02.02"]
[Round "4"]
[White "Skatchkov_V"]
[Black "elchiricr"]
[Result "1-0"]
[WhiteElo "2535"]
[BlackElo "2330"]
[TimeControl "180+1"]
[EndTime "10:40:01 PST"]
[Termination "Skatchkov_V won by resignation"]

1. d4 Nf6 2. c4 c5 3. d5 b5 4. Nf3 g6 5. Qc2 d6 6. e4 Bg7 7. cxb5 a6 8. Nc3 O-O 9. a4 Nbd7 10. Be2 axb5 11. Nxb5 Ba6 12. O-O Qb6 13. Bd2 Rfb8 14.
h3 Ne8 15. Ra3 Rc8 16. Bc3 Nef6 17. Nd2 Qb7 18. Rb3 c4 19. Nxc4 Nc5 20. Rb4 Ncxe4 21. Nbxd6 Qxb4 22. Bxb4 exd6 23. b3 Nxd5 24. Qxe4 Nxb4 25.
Nxd6 Rcb8 26. Bxa6 Rxa6 27. Qe7 Rf8 28. Nxf7 Nd5 29. Qb7 Rb6 30. Qxd5 Rxf7 31. a5 Rb4 32. a6 Rd4 33. Qe6 Kf8 34. Qc8+ 1-0

[Event "*** Titled Tuesday Blitz"]
[Site "Chess.com"]
[Date "2021.02.02"]
[Round "4"]
[White "bocah_sakit"]
[Black "Oligan22"]
[Result "1-0"]
[WhiteElo "2816"]
[BlackElo "2519"]
[TimeControl "180+1"]
[EndTime "10:40:04 PST"]
[Termination "bocah_sakit won by resignation"]

1. e4 c5 2. Nf3 e6 3. d4 cxd4 4. Nxd4 Nc6 5. Nc3 a6 6. g3 Nf6 7. Bg2 d6 8. O-O Bd7 9. Be3 Be7 10. Qe2 O-O 11. Rad1 Rc8 12. h3 Ne5 13. Kh2 Nc4 14. Bc1 b5 15. b3 Ne5 16. Bb2 Qc7 17.
f4 Ng6 18. Qd2 Rfd8 19. f5 Ne5 20. fxe6 Bxe6 21. Nd5 Bxd5 22. exd5 Nfd7 23. Rde1 h6 24. Nc6 Nxc6 25. dxc6 Ne5 26. Bd5 Bg5 27. Qf2 Rf8 28. Qf5 Nxc6 29. h4 Bd8 30. Bxf7+ Kh8 31. Bxg7+ 1-0

[Event "*** Titled Tuesday Blitz"]
[Site "Chess.com"]
[Date "2021.02.02"]
[Round "4"]
[White "DFeco"]
[Black "WiktoriaPOL"]
[Result "1-0"]
[WhiteElo "2238"]
[BlackElo "1987"]
[TimeControl "180+1"]
[EndTime "10:40:05 PST"]
[Termination "DFeco won on time"]

1. c4 Nf6 2. g3 g6 3. Bg2 Bg7 4. Nc3 O-O 5. e4 d6 6. Nge2 e5 7. O-O Nc6 8. d3 Ne8 9. h3 f5 10. f4 Nf6 11. Kh2 Ne7 12. Nd5 Nexd5 13. cxd5 fxe4 14.
dxe4 Qe7 15. f5 gxf5 16. exf5 Bd7 17. g4 Kh8 18. g5 Ne8 19. f6 Nxf6 20. gxf6 Bxf6 21.
Ng3 Rf7 22. Bh6 Rg8 23. Qh5 e4 24. Bxe4 Rxg3 25. Kxg3 Qxe4 26. Qxf7 Qe5+ 27. Bf4 1-0

[Event "*** Titled Tuesday Blitz"]
[Site "Chess.com"]
[Date "2021.02.02"]
[Round "4"]
[White "Jungle_Jaguar"]
[Black "kobemagic"]
[Result "1-0"]
[WhiteElo "2604"]
[BlackElo "2361"]
[TimeControl "180+1"]
[EndTime "10:40:06 PST"]
[Termination "Jungle_Jaguar won by resignation"]

1. b3 Nf6 2. Bb2 g6 3. e4 d6 4. Nf3 Bg7 5. c4 c5 6. Qc2 Nc6 7. d4 cxd4 8. Nxd4 Nxd4 9. Bxd4 O-O 10. Nd2 a6 11. Be2 Rb8 12. a4 Nd7 13. Bxg7 Kxg7 14. O-O a5 15. Qc3+ Kg8 16. Nf3 Nc5 17. Qe3 Bg4 18. Nd4 e5 19. Nb5 Bxe2 20. Qxe2 Nxb3 21. Rad1 Nc5 22. Rxd6 Qh4 23. Rd5 Qxe4 24. Qxe4 Nxe4 25.
Rxe5 Nd2 26. Rc1 Rfc8 27. c5 Rc6 28. Nd4 Rc7 29. Re2 b6 30. c6 1-0

[Event "*** Titled Tuesday Blitz"]
[Site "Chess.com"]
[Date "2021.02.02"]
[Round "4"]
[White "YIYUKI"]
[Black "johnathan113"]
[Result "0-1"]
[WhiteElo "2255"]
[BlackElo "2573"]
[TimeControl "180+1"]
[EndTime "10:40:09 PST"]
[Termination "johnathan113 won by resignation"]

1. d4 Nf6 2. c4 g6 3. Nc3 Bg7 4. e4 O-O 5. Nf3 d6 6. Be2 Nbd7 7. O-O e5 8. Re1 Re8 9. d5 Nc5 10. Qc2 a5 11. Bg5 h6 12. Bh4 g5 13. Bg3 Nh5 14. Nd2 Nf4 15. Nf1 Nxe2+ 16. Qxe2 f5 17. exf5 Bxf5 18. Ne3 Bg6 19. Rad1 Qd7 20. h4 Rf8 21.
hxg5 hxg5 22. f3 a4 23. Ng4 Rae8 24. Nf2 Rf4 25. Nfe4 Qf5 26. Nxc5 dxc5 27. Ne4 g4 28. fxg4 Qxe4 29. Bxf4 Qxf4 30. d6 cxd6 31. Rxd6 Bf7 32. Rd7 Bxc4 33. Qd1 e4 0-1

[Event "*** Titled Tuesday Blitz"]
[Site "Chess.com"]
[Date "2021.02.02"]
[Round "4"]
[White "gumimis"]
[Black "FMJoseHerrera"]
[Result "0-1"]
[WhiteElo "2322"]
[BlackElo "2495"]
[TimeControl "180+1"]
[EndTime "10:40:10 PST"]
[Termination "FMJoseHerrera won on time"]

1. e4 c5 2. Nf3 e6 3. d4 cxd4 4. Nxd4 a6 5. Nc3 Qc7 6. Bd3 b5 7. a3 Bb7 8. O-O Nf6 9. Qe2 d6 10. Kh1 h5 11. f4 Nbd7 12. Bd2 h4 13. Rae1 h3 14. g3 Be7 15. Nf3 Rd8 16. Kg1 Ng4 17. Nd4 Ndf6 18. Nd1 Qb6 19. c3 e5 20. fxe5 dxe5 21.
Nf2 Nxf2 22. Rxf2 exd4 23. cxd4 Qxd4 24. Bb1 Bc5 25. Be3 Qxe3 26. Qxe3 Bxe3 27. Rxe3 Ng4 28. Rfe2 Rd1+ 0-1

[Event "*** Titled Tuesday Blitz"]
[Site "Chess.com"]
[Date "2021.02.02"]
[Round "4"]
[White "KetiGrant"]
[Black "Supernotar"]
[Result "0-1"]
[WhiteElo "2377"]
[BlackElo "2776"]
[TimeControl "180+1"]
[EndTime "10:40:11 PST"]
[Termination "Supernotar won by resignation"]

1. e4 c6 2. d4 d5 3. e5 Bf5 4.
Nd2 e6 5. Nb3 Nd7 6. Nf3 h6 7. Be2 Ne7 8. O-O Bg6 9. a4 Nf5 10. a5 Be7 11. c4 dxc4 12. Bxc4 b5 13. Bd3 a6 14. Be4 Rc8 15. Re1 O-O 16. Bd2 c5 17. d5 exd5 18. Bxd5 c4 19. Nbd4 Nxd4 20. Nxd4 Nc5 21. Nc6 Qd7 22. Nxe7+ Qxe7 23. Bb4 Rfd8 24. Qf3 Qc7 25. Re3 Bh5 26. Qxh5 Rxd5 27. h4 Nd3 28.
Bd6 Qxd6 29. exd6 Rxh5 30. d7 Rf8 31. Re8 Rd5 0-1

[Event "*** Titled Tuesday Blitz"]
[Site "Chess.com"]
[Date "2021.02.02"]
[Round "4"]
[White "Lukianoo"]
[Black "guillembaches"]
[Result "1-0"]
[WhiteElo "2767"]
[BlackElo "2456"]
[TimeControl "180+1"]
[EndTime "10:40:12 PST"]
[Termination "Lukianoo won on time"]

1. e4 c5 2. Nf3 d6 3. d4 cxd4 4. Qxd4 Nc6 5. Bb5 a6 6. Bxc6+ bxc6 7. O-O e5 8. Qd3 Be7 9. Rd1 Nf6 10. Bg5 O-O 11.
Bxf6 Bxf6 12. Qxd6 Qb6 13. Qa3 Rb8 14. b3 Bg4 15.
Nbd2 Rfd8 16. h3 Bh5 17. Nc4 Qb5 18. Nd6 Qb6 19. Rd3 Be7 20. Rad1 Bxf3 21. gxf3 Rd7 22. c4 Rbd8 23. c5 Qb8 24. Qxa6 g6 25. Qxc6 Rc7 26. Qd5 Bf8 27. Qxe5 Re7 28. Qg3 1-0

[Event "*** Titled Tuesday Blitz"]
[Site "Chess.com"]
[Date "2021.02.02"]
[Round "4"]
[White "mishanick"]
[Black "wnstop"]
[Result "1-0"]
[WhiteElo "2888"]
[BlackElo "2743"]
[TimeControl "180+1"]
[EndTime "10:40:13 PST"]
[Termination "mishanick won by resignation"]

1. e4 c5 2. Nf3 Nc6 3. Nc3 e5 4.
Bc4 Be7 5. d3 d6 6. Nd2 Nf6 7.
Nf1 Nd7 8. Ne3 Nb6 9. O-O O-O 10. Ned5 Kh8 11. f4 exf4 12. Bxf4 Nxd5 13. Nxd5 Bg5 14. Qd2 Bxf4 15. Qxf4 Be6 16. a3 Nd4 17. Rf2 b5 18. Ba2 a5 19. Raf1 Rc8 20. Qg3 Nc6 21. h3 Ne5 22. c3 c4 23. d4 Nd3 24. Re2 f5 25.
Nf4 Nxf4 26. Rxf4 fxe4 27. Rfxe4 Bf5 28. Re7 Bg6 29. Bb1 Re8 30. Bxg6 Rxe7 31. Qh4 Kg8 32. Qxh7+ 1-0

[Event "*** Titled Tuesday Blitz"]
[Site "Chess.com"]
[Date "2021.02.02"]
[Round "4"]
[White "scarabee43"]
[Black "PerAsperaAdAstraCB"]
[Result "1-0"]
[WhiteElo "2595"]
[BlackElo "2370"]
[TimeControl "180+1"]
[EndTime "10:40:15 PST"]
[Termination "scarabee43 won by resignation"]

1. d4 Nf6 2. c4 c5 3. d5 b5 4. cxb5 a6 5. bxa6 g6 6. Nc3 Bxa6 7. e4 Bxf1 8. Kxf1 d6 9. Nf3 Bg7 10. g3 O-O 11. Kg2 Nbd7 12. a4 Ra6 13. Qc2 Qa8 14.
Nb5 Qb7 15. Ra3 e6 16. dxe6 fxe6 17. Re1 d5 18. exd5 exd5 19. Bf4 Ng4 20. h3 Ngf6 21. Re7 d4 22. Qc4+ Kh8 23. Nd6 Rxd6 24. Bxd6 Ne4 25. Qe6 Nc3 26. Rf7 Rxf7 27. Qxf7 h6 28. bxc3 dxc3 29.
Ra2 Qb3 30. Qxb3 1-0

[Event "*** Titled Tuesday Blitz"]
[Site "Chess.com"]
[Date "2021.02.02"]
[Round "4"]
[White "DenishevM"]
[Black "Konavets"]
[Result "0-1"]
[WhiteElo "2556"]
[BlackElo "2928"]
[TimeControl "180+1"]
[EndTime "10:40:17 PST"]
[Termination "Konavets won by resignation"]

1. Nf3 d5 2. e3 Nc6 3. d4 Bf5 4. Bd3 Bxd3 5. cxd3 e6 6. O-O Nf6 7. b3 Bd6 8. Bb2 O-O 9. Ne5 Bxe5 10. dxe5 Nd7 11.
f4 d4 12. e4 f6 13. exf6 Qxf6 14. Nd2 Qh6 15. Qg4 Rae8 16. Ba3 Rf7 17. g3 e5 18. Nf3 exf4 19. Ng5 Qg6 20. Rxf4 Nde5 21. Qh4 Rxf4 22. Qxf4 Qxg5 0-1

[Event "*** Titled Tuesday Blitz"]
[Site "Chess.com"]
[Date "2021.02.02"]
[Round "4"]
[White "AsaHoffmann"]
[Black "KruHor"]
[Result "0-1"]
[WhiteElo "2349"]
[BlackElo "2577"]
[TimeControl "180+1"]
[EndTime "10:40:20 PST"]
[Termination "KruHor won by resignation"]

1. d4 Nf6 2. Bg5 Ne4 3. Bf4 c5 4. f3 Nf6 5. dxc5 b6 6. Nc3 bxc5 7. e4 e6 8. e5 Nh5 9. Be3 f5 10. g4 fxg4 11. fxg4 Bb7 12. gxh5 Bxh1 13. Qg4 Nc6 14. Bf4 Nd4 15. O-O-O Rb8 16. Nge2 Bf3 17. Qg3 Qb6 18. b3 Bxe2 19. Bxe2 Qa5 20. Bc4 Rb4 21. Qg2 Rxc4 22. bxc4 Qxc3 23. Rxd4 Qa1+ 24. Kd2 Qxd4+ 25. Ke2 Qxf4 0-1

[Event "*** Titled Tuesday Blitz"]
[Site "Chess.com"]
[Date "2021.02.02"]
[Round "4"]
[White "hangemhigh"]
[Black "Angel_Hranitel_37"]
[Result "0-1"]
[WhiteElo "2292"]
[BlackElo "2468"]
[TimeControl "180+1"]
[EndTime "10:40:22 PST"]
[Termination "Angel_Hranitel_37 won by checkmate"]

1. Nf3 Nf6 2. g3 g6 3. Bg2 Bg7 4. O-O O-O 5. d4 d6 6. b3 e5 7.
dxe5 Ng4 8. Bb2 Nd7 9. Qc1 Ngxe5 10. Nxe5 dxe5 11. Rd1 c6 12. a4 Qc7 13. Na3 Nb6 14. a5 Nd5 15. Nc4 Be6 16. e4 Nb4 17. Ba3 Bxc4 18. Bxb4 c5 19. bxc4 cxb4 20. Bf1 f5 21. Qb2 fxe4 22. Qb3 Rf3 23. Qxb4 Raf8 24. Rd2 e3 25.
fxe3 Bh6 26. Bg2 Bxe3+ 27. Kh1 Bxd2 28. Qxd2 Rf2 29. Qd5+ Kg7 30. Qxb7 Qxb7 31. Bxb7 Rxc2 32. Bd5 Rff2 33. Kg1 Rxh2 34. Rb1 Rb2 35. Rf1 Rhc2 36. a6 Kh6 37. Re1 e4 38. Rf1 Rg2+ 39. Kh1 Rh2+ 40.
Kg1 Rbg2# 0-1

[Event "*** Titled Tuesday Blitz"]
[Site "Chess.com"]
[Date "2021.02.02"]
[Round "4"]
[White "GMJustin"]
[Black "Zq1"]
[Result "0-1"]
[WhiteElo "2305"]
[BlackElo "2517"]
[TimeControl "180+1"]
[EndTime "10:40:24 PST"]
[Termination "Zq1 won on time"]

1. d4 Nf6 2. c4 a6 3. Nc3 c5 4. dxc5 e6 5. e4 Qc7 6. f4 Bxc5 7. e5 Ng8 8. Nf3 Nh6 9. Ne4 b5 10. Nxc5 Qxc5 11. Qd4 Qxd4 12. Nxd4 bxc4 13. Bxc4 Bb7 14. O-O Nc6 15. Nb3 Nb4 16. Bd2 Bd5 17. Bxb4 Bxc4 18. Rfc1 Bxb3 19. axb3 f6 20. exf6 gxf6 21. Rc7 Nf5 22. Bc3 Rf8 23. b4 Ke7 24. Rd1 Rfd8 25. g4 Ne3 26. Rd3 Nd5 27. Rb7 Nxf4 28. Rf3 Nd5 29.
Rh3 Rh8 30. Rh6 Rag8 31. h3 Rg6 0-1

[Event "*** Titled Tuesday Blitz"]
[Site "Chess.com"]
[Date "2021.02.02"]
[Round "4"]
[White "Vandros57"]
[Black "noblerone"]
[Result "1-0"]
[WhiteElo "2237"]
[BlackElo "2412"]
[TimeControl "180+1"]
[EndTime "10:40:24 PST"]
[Termination "Vandros57 won by resignation"]

1. d4 d5 2. Nf3 Nf6 3. c4 c6 4.
e3 Bg4 5. Be2 e6 6. Nbd2 Nbd7 7.
h3 Bh5 8. O-O Bd6 9. b3 O-O 10.
Bb2 Ne4 11. Nxe4 dxe4 12. Nd2 Bxe2 13. Qxe2 f5 14. f4 exf3 15. Rxf3 Qg5 16. e4 Rae8 17. e5 Bb4 18. Nf1 Ba5 19. a3 Bb6 20. c5 Bc7 21.
Qe3 Qxe3+ 22. Nxe3 g6 23. Nc4 Rb8 24. Nd6 Bxd6 25.
exd6 Nf6 26. d5 exd5 27. Bxf6 Rxf6 28. Re1 b6 29. d7 bxc5 30. Re8+ Rf8 31. Rfe3 Kf7 32.
R3e7+ Kg8 33. Rxb8 Rxb8 1-0

[Event "*** Titled Tuesday Blitz"]
[Site "Chess.com"]
[Date "2021.02.02"]
[Round "4"]
[White "kekic76"]
[Black "bugsbunny444"]
[Result "1-0"]
[WhiteElo "2384"]
[BlackElo "2598"]
[TimeControl "180+1"]
[EndTime "10:40:26 PST"]
[Termination "kekic76 won on time"]

1. e4 c5 2. Nf3 e6 3. d4 cxd4 4. Nxd4 a6 5. c4 Nf6 6. Bd3 Nc6 7.
Nc2 Qc7 8. O-O h5 9. h3 Bc5 10. Be3 Bxe3 11. Nxe3 h4 12. Nc3 Qf4 13. Qe2 d6 14. Rad1 Rh5 15. Ng4 Rg5 16. f3 Nh5 17. Qf2 Ng3 18. Rfe1 Bd7 19. Ne2 Nxe2+ 20. Rxe2 O-O-O 21. Qxh4 f5 22. g3 Qxf3 23. Qxg5 1-0

[Event "*** Titled Tuesday Blitz"]
[Site "Chess.com"]
[Date "2021.02.02"]
[Round "4"]
[White "NateSolon"]
[Black "sbouchet"]
[Result "1-0"]
[WhiteElo "2537"]
[BlackElo "2341"]
[TimeControl "180+1"]
[EndTime "10:40:26 PST"]
[Termination "NateSolon won by resignation"]

1. d4 Nf6 2. c4 e6 3. Nf3 b6 4. g3 Bb7 5. Bg2 Bb4+ 6. Bd2 a5 7.
O-O Bxd2 8. Qxd2 O-O 9. Nc3 Ne4 10.
Qc2 Nxc3 11. Qxc3 d6 12. d5 e5 13. e4 Bc8 14. Ne1 f5 15. f4 fxe4 16. fxe5 Rxf1+ 17. Bxf1 dxe5 18. Qxe5 Nd7 19. Qxe4 Nc5 20. Qd4 Qd6 21. Nd3 Bf5 22. Nxc5 bxc5 23. Qc3 a4 24. Re1 Rb8 25. Re5 Bd7 26. Bd3 Qb6 27. Re7 1-0